 Dungeon Crawl Stone Soup version 0.28-a0-172-g787e458d71 (webtiles) character file.

Game seed: 16668793153795999990

1547 pokeman the Thaumaturge (level 8, -2/44 HPs)
             Began as a Deep Elf Hedge Wizard on Aug 16, 2021.
             Was an Initiate of Vehumet.
             Succumbed to a scorpion's poison
             ... on level 6 of the Dungeon.
             The game lasted 00:19:18 (7691 turns).

pokeman the Thaumaturge (Deep Elf Hedge Wizard)     Turns: 7691, Time: 00:19:18

Health: -2/44      AC:  6    Str:  7    XL:     8   Next: 57%
Magic:  1/23       EV: 13    Int: 22    God:    Vehumet [......]
Gold:   309        SH:  0    Dex: 14    Spells: 15/26 levels left

rFire   . . .      SeeInvis .   n - +1 war axe (drain)
rCold   . . .      Faith    .   (no shield)
rNeg    . . .      Spirit   .   u - +0 steam dragon scales
rPois   .          Reflect  .   g - +0 helmet
rElec   .          Harm     .   (no cloak)
rCorr   .          Rampage  .   (no gloves)
Will    .....                   (no boots)
Stlth   ++........              (no amulet)
HPRegen 0.14/turn               (no ring)
MPRegen 0.18/turn               (no ring)

@: lethally poisoned (-2 -> -16), studying Crossbows
A: no striking features
a: Renounce Religion


You were on level 6 of the Dungeon.
You worshipped Vehumet.
Vehumet was noncommittal.
You visited 2 branches of the dungeon, and saw 7 of its levels.

You collected 309 gold pieces.

Inventory:

Hand Weapons
 n - a +1 war axe of draining (weapon)
Missiles
 b - 20 arrows
 j - 42 bolts
Armour
 g - a +0 helmet (worn)
 u - +0 steam dragon scales (worn)
Scrolls
 a - a scroll of magic mapping {unknown}
 c - a scroll of brand weapon {unknown}
 d - 2 scrolls of teleportation {unknown}
 f - 2 scrolls of identify {unknown}
 o - 2 scrolls of noise {unknown}
 p - a scroll of enchant armour {unknown}
 r - a scroll of holy word {unknown}
Potions
 e - a potion of resistance {unknown}
 h - 2 potions of attraction {unknown}
 i - a potion of degeneration {unknown}
 k - a potion of might {unknown}
 m - 3 potions of invisibility {unknown}
 q - a potion of berserk rage {unknown}
 s - a potion of brilliance {unknown}


   Skills:
 - Level 2.0 Fighting
 + Level 2.7 Armour
 - Level 3.0 Dodging
 - Level 3.0 Stealth
 * Level 9.9 Spellcasting
 + Level 5.2 Conjurations
 - Level 1.1 Summonings
 - Level 1.1 Translocations
 + Level 3.7 Fire Magic
 - Level 1.1 Air Magic
 - Level 2.1 Poison Magic


You had 15 spell levels left.
You knew the following spells:

 Your Spells              Type           Power      Damage    Failure   Level
a - Magic Dart            Conj           100%       1d8       1%          1
b - Mephitic Cloud        Conj/Pois/Air  23%        N/A       6%          3
c - Call Imp              Summ           15%        N/A       6%          2
d - Blink                 Tloc           N/A        N/A       6%          2
e - Conjure Flame         Conj/Fire      30%        6-21      2%          3

Your spell library contained the following spells:

 Spells                   Type           Power      Damage    Failure   Level
 Slow                     Hex            10%        N/A       10%         2


Dungeon Overview and Level Annotations

Branches:
Dungeon (6/15)             Temple (1/1) D:6

Altars:
Ashenzari
Elyvilon
Fedhas
Hepliaklqana
Kikubaaqudgha
Sif Muna
Vehumet
The Shining One

Shops:
D:6 *


Message History

Casting: Magic Dart (safe; 1% risk of failure)
Confirm with . or Enter, or press ? or * to list all spells.
Aiming: Magic Dart (safe; 1% risk of failure)
Press: ? - help, Shift-Dir - straight line, f/p - kobold
Aim: a kobold, wielding a +0 club (severely wounded, 100% to hit)
The magic dart hits the kobold but does no damage.
The kobold is severely wounded.
Unknown command.
The scorpion barely misses you.
The scorpion stings you but does no damage.
Casting: Magic Dart (safe; 1% risk of failure)
Confirm with . or Enter, or press ? or * to list all spells.
You blink.
You hear some strange, mumbled words.
Something tries to affect you, but you resist.
You closely miss the kobold. The kobold closely misses you. x3
You hit the kobold but do no damage. You drain the kobold.
You kill the kobold!
Vehumet accepts your kill.
You closely miss the kobold. The kobold hits you but does no damage.
Unknown command.
You hit the scorpion but do no damage.
The scorpion is lightly wounded.
You closely miss the kobold. The scorpion completely misses you.
The kobold barely misses you. The scorpion completely misses you.
The kobold closely misses you.
You barely miss the scorpion.
The scorpion is lightly wounded.
You hit the kobold.
You kill the kobold!
Vehumet accepts your kill. The scorpion closely misses you.
The scorpion stings you.
* * * LOW HITPOINT WARNING * * *
You are lethally poisoned!
The scorpion poisons you!
Unknown command.
You closely miss the scorpion.
The scorpion is lightly wounded.
You hit something.
You die...

#.##....... .
#.##.#...## .#
#.##......#....
##.###.........
#.###...#......#...
#.........)<......#
####...#<.....#.##.
####.###...8[).8#.
#@s..###.#.)......
#)##.....8...<..#
#.######........# #.#
#8...∩...8# #)#
#.....$.###
##)#####..>?^.8##
#....##.........###
###.⌠8.##.8...8......
#.......#..##.§...###


You could see a scorpion.

Vanquished Creatures
  Maggie (D:5)
  Eustachio (D:5)
  Edmund (D:5)
  Duvessa (D:6)
  A black bear (D:4)
  An ogre (D:5)
  A kobold brigand (D:6)
  Blork the orc (D:6)
  2 scorpions
  A hound (D:4)
  An orc priest (D:6)
  An orc wizard (D:3)
  A killer bee zombie (D:6)
  4 gnolls
  A howler monkey skeleton (D:6)
  7 adders
  A white imp (D:5)
  A dart slug (D:1)
  10 orcs
  7 endoplasms
  2 giant cockroaches
  6 goblins
  10 hobgoblins
  8 jackals
  3 quokkas
  3 ball pythons
  5 bats
  3 frilled lizards
  7 kobolds
  4 rats
96 creatures vanquished.

Vanquished Creatures (collateral kills)
  An ice beast (D:6)
  2 necrophages
  A hound (D:4)
  A white imp (D:5)
  4 orcs
  A kobold (D:6)
10 creatures vanquished.

Vanquished Creatures (others)
  Dowan (D:6)
1 creature vanquished.

Grand Total: 107 creatures vanquished

Notes
Turn   | Place    | Note
-------+----------+-------------------------------------------
     0 | D:1      | pokeman the Deep Elf Hedge Wizard began the quest for the
                  | Orb.
     0 | D:1      | Reached XP level 1. HP: 10/10 MP: 7/7
   280 | D:1      | Reached XP level 2. HP: 15/15 MP: 6/9
   426 | D:1      | Found a faded altar of an unknown god.
   661 | D:1      | Reached skill level 5 in Spellcasting
   883 | D:1      | Reached XP level 3. HP: 20/20 MP: 9/11
   887 | D:1      | Learned a level 3 spell: Mephitic Cloud
   890 | D:1      | Learned a level 2 spell: Call Imp
   893 | D:1      | Learned a level 2 spell: Blink
   897 | D:1      | Learned a level 3 spell: Conjure Flame
  1622 | D:2      | Reached skill level 1 in Fighting
  1622 | D:2      | Reached skill level 1 in Armour
  1763 | D:2      | Reached XP level 4. HP: 20/25 MP: 7/13
  2320 | D:3      | Found a large runed translucent door.
  2321 | D:3      | Found a large runed translucent door.
  2654 | D:3      | Found a white marble altar of Elyvilon.
  2784 | D:3      | Reached skill level 1 in Fire Magic
  3205 | D:3      | Reached skill level 6 in Spellcasting
  3205 | D:3      | Reached XP level 5. HP: 22/29 MP: 0/15
  3833 | D:3      | Found a hazy altar of Hepliaklqana.
  3838 | D:3      | Found a shimmering blue altar of Sif Muna.
  3865 | D:4      | Noticed a black bear
  3877 | D:4      | Killed a black bear
  3878 | D:4      | Reached skill level 1 in Air Magic
  4053 | D:4      | Noticed a necrophage
  4080 | D:4      | Reached XP level 6. HP: 31/34 MP: 2/17
  4249 | D:4      | Reached skill level 7 in Spellcasting
  4297 | D:4      | Reached skill level 1 in Poison Magic
  4970 | D:5      | Entered Level 5 of the Dungeon
  4989 | D:5      | Noticed Eustachio
  5619 | D:5      | Killed Eustachio
  5620 | D:5      | Reached XP level 7. HP: 39/39 MP: 15/20
  6028 | D:5      | Reached skill level 8 in Spellcasting
  6190 | D:5      | Noticed Edmund
  6211 | D:5      | Killed Edmund
  6731 | D:6      | Found Ukhetoin's Assorted Antiques.
  6731 | D:6      | Noticed Maggie
  6732 | D:6      | Noticed Dowan
  6774 | D:5      | Killed Maggie
  6775 | D:5      | Reached skill level 9 in Spellcasting
  6775 | D:5      | Reached XP level 8. HP: 43/44 MP: 3/23
  6888 | D:6      | Noticed Duvessa
  6894 | D:6      | Noticed Blork the orc
  6900 | D:6      | Found a staircase to the Ecumenical Temple.
  6924 | Temple   | Entered the Ecumenical Temple
  6930 | Temple   | Became a worshipper of Vehumet
  7209 | D:6      | Killed Blork the orc
  7311 | D:6      | Reached skill level 5 in Conjurations
  7663 | D:6      | Killed Dowan
  7671 | D:6      | HP: 2/44 [Duvessa (15)]
  7671 | D:6      | Killed Duvessa
  7691 | D:6      | Succumbed to a scorpion's poison

Illustrated notes

Levels and vault maps discovered:
D:1:      elethiomel_arrival_shortcut, layout_basic,
          hellmonk_ecumenical_altar_run_dry
D:2:      layout_rooms, kennysheep_generic_room_3
D:3:      layout_basic, amcnicky_altar_gilded, jmf_multi_god_temple2,
          glass_columns_c
D:4:      layout_basic
D:5:      layout_basic, uniq_edmund, uniq_eustachio
D:6:      minmay_chambers_of_threes, layout_loops_ring,
          mainiacjoe_overflow_alcove_4, minmay_temple_entry_drinking_statues,
          serial_shops, nicolae_stop_n_shop_1, uniq_blork_the_orc, uniq_maggie,
          uniq_duvessa
Temple:   compressed_dpeg_circular_temple

Skill      XL: |  1  2  3  4  5  6  7  8 |
---------------+-------------------------+-----
Spellcasting   | 5 6 7 9 |  9.9
Fighting       | 1 2 |  2.0
Armour         | 1 2 |  2.7
Conjurations   | 2 3 4 5 |  5.2
Fire Magic     | 1 3 |  3.7
Dodging        | 3 |  3.0
Stealth        | 3 |  3.0
Air Magic      | 1 |  1.1
Poison Magic   | 2 |  2.1
Summonings     | |  1.1
Translocations | |  1.1

Action                   |  1- 3 |  4- 6 |  7- 9 || total
-------------------------+-------+-------+-------++-------
Melee: Spear             |     7 |     7 |       ||    14
       Dagger            |       |    42 |    11 ||    53
       Flail             |       |       |     6 ||     6
       War axe           |       |       |    20 ||    20
 Cast: Magic Dart        |    84 |   147 |    25 ||   256
       Mephitic Cloud    |     2 |     8 |    13 ||    23
       Call Imp          |       |     3 |    15 ||    18
       Conjure Flame     |       |     5 |    19 ||    24
       Blink             |       |     1 |     5 ||     6
 Stab: Confused          |     1 |     5 |     6 ||    12
       Distracted        |       |     1 |       ||     1
Armor: Robe              |     1 |     1 |       ||     2
       Leather armour    |       |    17 |     5 ||    22
       Steam dragon scal |       |       |     7 ||     7
Dodge: Dodged            |    13 |    44 |    29 ||    86

Table legend: (Time is in decaauts)
 A = Elapsed time spent in this place.
 B = Non-inter-level travel time spent in this place.
 C = Inter-level travel time spent in this place.
 D = Time resting spent in this place.
 E = Time spent auto-exploring this place.
 F = Levels seen in this place.
 G = Mean time per level.
                   A        B        C        D        E       F      G
               +--------+--------+--------+--------+--------+-----+--------+
         Total |   7709 |   7431 |    278 |   1150 |   5173 |   7 | 1101.3 |
       Dungeon |   7448 |   7170 |    278 |    902 |   5173 |   6 | 1241.3 |
        Temple |    260 |    260 |      0 |    248 |      0 |   1 |  260.0 |
               +--------+--------+--------+--------+--------+-----+--------+

Top non-repeatable levels by time:
     D:3: 1830 daAuts
     D:5: 1600 daAuts
     D:1: 1536 daAuts
     D:4: 1439 daAuts
     D:2: 752 daAuts
     D:6: 290 daAuts
  Temple: 260 daAuts
